 Dungeon Crawl Stone Soup version 0.30.0-5-g1a98f26d00 (webtiles) character file.

Game seed: 14954075717287994346

84 H0rd4k the Charlatan (level 4, -1/32 HPs)
             Began as a Human Artificer on May 9, 2023.
             Killed from afar by Ijyb (12 damage)
             ... with a bolt of light
             ... on level 3 of the Dungeon.
             The game lasted 00:03:42 (2370 turns).

H0rd4k the Charlatan (Human Artificer)              Turns: 2370, Time: 00:03:43

Health: -1/32      AC:  3    Str: 12    XL:     4   Next: 72%
Magic:  4/4        EV: 11    Int: 14    God:
Gold:   188        SH:  0    Dex: 13    Spells: 4/4 levels left

rFire   . . .        t - +0 dagger (venom)
rCold   . . .        (no shield)
rNeg    . . .        b - +0 leather armour
rPois   .            (no helmet)
rElec   .            (no cloak)
rCorr   .            (no gloves)
SInv    .            (no boots)
Will    .....        (no amulet)
Stlth   +            (no ring)
HPRegen 0.25/turn    (no ring)
MPRegen 0.09/turn

%: no passive effects
@: confused
A: no striking features
a: no special abilities


You were on level 3 of the Dungeon.
You visited 1 branch of the dungeon, and saw 3 of its levels.

You collected 188 gold pieces.

Inventory:

Hand Weapons
 r - a +0 triple crossbow
 t - a +0 dagger of venom (weapon)
Missiles
 h - 14 poisoned darts
 s - 5 datura-tipped darts
Armour
 b - a +0 leather armour (worn)
Wands
 c - a wand of flame (5) (quivered)
 d - a wand of charming (14)
 e - a wand of iceblast (5)
Scrolls
 k - a scroll of enchant armour {unknown}
 l - a scroll of fog {unknown}
 m - 2 scrolls of teleportation {unknown}
 n - 4 scrolls of identify {unknown}
 o - a scroll of immolation {unknown}
Potions
 a - a potion of resistance {unknown}
 f - 2 potions of might {unknown}
 g - a potion of lignification {unknown}
 i - 3 potions of curing {unknown}
 j - a potion of mutation {unknown}
 p - a potion of heal wounds {unknown}
 q - a potion of ambrosia {unknown}


   Skills:
 + Level 1.6 Fighting
 - Level 1.6 Maces & Flails
 + Level 0.3 Ranged Weapons
 - Level 2.0 Armour
 + Level 1.7 Dodging
 + Level 1.5 Stealth
 * Level 0.5 Spellcasting
 + Level 3.7 Evocations


You had 4 spell levels left.
You didn't know any spells.
Your spell library contained the following spells:

 Spells                   Type           Power      Damage    Failure   Level
 Sting                    Tmut/Pois      0%         1d3       34%         1
 Poisonous Vapours        Pois/Air       0%         N/A       47%         2
 Olgreb's Toxic Radiance  Pois           0%         N/A       98%         4


Dungeon Overview and Level Annotations

Branches:
Dungeon (3/15)

Altars:

Shops:
D:1 *

Annotations:
D:1 exclusion: endoplasm
D:2 1 runed translucent door, exclusion: door, Crazy Yiuf
D:3 Ijyb


Message History

Crazy Yiuf whimpers, "Papa seventy foot!"
Press: ? - help, v - describe, . - travel A runed translucent door.
Placed new exclusion.
Reduced exclusion size to a single square.
Crazy Yiuf cries, "Lugonu meccalolo tortoise!"
Partly explored, can't reach some items and places.
Partly explored, can't reach some items and places.
(D) Dungeon
Where to? (Enter - D:2 @ (x,y), ? - help)
Okay, then.
You can't go down here!
Partly explored, can't reach some items and places.
Partly explored, can't reach some items and places.
(D) Dungeon
Where to? (Enter - D:2 @ (x,y), ? - help)
You see here a giant cockroach corpse.
There is a stone staircase leading down here.
You climb downwards.
Found a scroll labelled NICWEIVUITT.
There is a stone staircase leading up here.
There are monsters nearby!
There are monsters nearby!
There are monsters nearby!
There are monsters nearby!
The helpless Ijyb fails to defend herself.
You hit Ijyb but do no damage.
Ijyb is poisoned.
The goblin shouts!
The goblin closely misses you.
Ijyb zaps a wand.
The bolt of light hits you!!
You are confused.
Ouch! That really hurt!
You are too confused!
Okay, then.
Unknown command.
You are too confused!
Okay, then.
Unknown command.
Found a fuming ruby potion.
The goblin misses you.
Ijyb zaps a wand.
The bolt of light hits you!
You die...

#+### #...
#?.# ##g.#
#.@<#
........g....#
.#####...#####
##..# #...
#...! #.###
#.#


You could see Ijyb (poisoned) and a goblin.

Vanquished Creatures
  2 adders (D:2)
  A dart slug (D:1)
  6 ball pythons
  6 endoplasms
  4 giant cockroaches
  2 hobgoblins
  5 jackals
  4 quokkas
  8 bats
  4 frilled lizards
  6 goblins
  5 kobolds
  3 rats
56 creatures vanquished.

Vanquished Creatures (collateral kills)
  A frilled lizard (D:1)
1 creature vanquished.

Vanquished Creatures (others)
  A hobgoblin (D:1)
1 creature vanquished.

Grand Total: 58 creatures vanquished

Notes
Turn   | Place    | Note
-------+----------+-------------------------------------------
     0 | D:1      | H0rd4k the Human Artificer began the quest for the Orb.
     0 | D:1      | Reached XP level 1. HP: 15/15 MP: 1/1
    84 | D:1      | Reached XP level 2. HP: 8/21 MP: 2/2
   573 | D:1      | Reached XP level 3. HP: 23/26 MP: 3/3
   689 | D:1      | Found Negigizai's General Store.
  1371 | D:2      | Reached skill level 1 in Maces & Flails
  1404 | D:2      | Reached XP level 4. HP: 32/32 MP: 4/4
  1431 | D:2      | Found a faded altar of an unknown god.
  2217 | D:2      | Found a runed translucent door.
  2218 | D:2      | Noticed Crazy Yiuf
  2368 | D:3      | Noticed Ijyb
  2370 | D:3      | Killed from afar by Ijyb

Illustrated notes

Levels and vault maps discovered:
D:1:      tekkud_arrival_beachfront_property, layout_basic, serial_shops, shop,
          minmay_cut_off
D:2:      layout_loops_ring, chequers_ecumenical_altar_twisty,
          minmay_fractal_squares_5, uniq_crazy_yiuf_cottage
D:3:      layout_loops_corners, nicolae_kikubaaqudgha_miasma_corner,
          uniq_terence, uniq_ijyb

Skill      XL: |  1  2  3 |
---------------+----------+-----
Maces & Flails | 1 |  1.6
Fighting       | |  1.6
Ranged Weapons | |  0.3
Armour         | |  2.0
Dodging        | |  1.7
Stealth        | |  1.5
Spellcasting   | |  0.5
Evocations     | |  3.7

Action                     |  1- 3 |  4- 6 || total
---------------------------+-------+-------++-------
  Melee: Club              |   160 |    61 ||   221
         Punch             |     1 |     1 ||     2
         Dagger            |       |     6 ||     6
   Fire: Triple crossbow   |       |    27 ||    27
  Evoke: Wand              |     6 |     5 ||    11
   Stab: Sleeping          |     1 |     2 ||     3
 Armour: Leather armour    |    56 |    44 ||   100
  Dodge: Dodged            |   114 |    83 ||   197
